 Dungeon Crawl Stone Soup version 0.25.1-8-g42b30a86e7 (webtiles) character file.

Game seed: 2643591249783530475

2861 growler the Grappler (level 9, 0/76 HPs)
             Began as a Black Draconian Transmuter on Dec 11, 2020.
             Was a Priest of Okawaru.
             Slain by a two-headed ogre
             ... wielding a +0 giant spiked club
              (8 damage)
             ... on level 8 of the Dungeon.
             The game lasted 00:38:13 (12730 turns).

growler the Grappler (Black Draconian Transmuter)  Turns: 12730, Time: 00:38:14

Health: 0/76       AC:  6    Str: 14    XL:     9   Next: 47%
Magic:  22/24      EV: 10    Int: 15    God:    Okawaru [***...]
Gold:   393        SH:  0    Dex: 12    Spells: 6/16 levels left

rFire    x . .     SeeInvis .     - Unarmed
rCold    + + +     Gourm    .   (shield currently unavailable)
rNeg     . . .     Faith    .   (armour unavailable)
rPois    +         Spirit   .   (helmet currently unavailable)
rElec    .         Reflect  .   (cloak currently unavailable)
rCorr    .         Harm     .   (gloves currently unavailable)
MR       .....                  (boots currently unavailable)
Stlth    ++........             (no amulet)
HPRegen  0.22/turn              p - ring of magical power
MPRegen  0.19/turn              r - ring of stealth

@: ice-form
A: large, (breathe lightning), unfitting armour, AC +7
a: End Transformation, Heroism, Renounce Religion


You were on level 8 of the Dungeon.
You worshipped Okawaru.
Okawaru was most pleased with you.
You were not hungry.
You were a creature of crystalline ice.
You visited 2 branches of the dungeon, and saw 9 of its levels.

You collected 393 gold pieces.

Inventory:

Missiles
 a - 131 arrows
 z - a throwing net {!f}
 C - 64 poisoned darts (quivered)
Armour
 f - a +0 pair of gloves (melded)
   (You found it on level 1 of the Dungeon)
 k - a scarf of repulsion (melded)
   (You found it on level 2 of the Dungeon)
Jewellery
 p - a ring of magical power (left front paw)
   (You found it on level 2 of the Dungeon)
 r - a ring of stealth (right front paw)
   (You found it on level 5 of the Dungeon)
 y - an uncursed amulet of faith {!P}
   (You took it off a crimson imp on level 6 of the Dungeon)
 A - an uncursed ring of fire
   (You found it on level 5 of the Dungeon)
Wands
 d - a wand of iceblast (4)
   (You found it on level 8 of the Dungeon)
Scrolls
 g - a scroll of immolation {!r}
 h - 2 scrolls of amnesia
 i - 5 scrolls of teleportation {@r4}
 j - 3 scrolls of fog
 l - 2 scrolls of enchant armour {unknown}
 q - a scroll of remove curse {@r2}
 v - 3 scrolls of identify {@r1}
 w - 2 scrolls of fear {unknown}
Potions
 b - a potion of invisibility
 m - 2 potions of magic
 o - a potion of might
 s - a potion of stabbing {unknown}
 t - 2 potions of degeneration {unknown}
 u - a potion of haste {@q3}
 x - 2 potions of flight {unknown}
 B - 4 potions of mutation {unknown}
Comestibles
 e - 13 rations {!d}


   Skills:
 - Level 1.1 Fighting
 - Level 1.7 Dodging
 + Level 9.6 Unarmed Combat
 + Level 4.3 Spellcasting
 - Level 6.0 Transmutations
 + Level 5.6 Ice Magic
 - Level 2.0 Poison Magic


You had 6 spell levels left.
You knew the following spells:

 Your Spells              Type           Power        Failure   Level  Hunger
a - Beastly Appendage     Tmut           ###...       1%          1    None
c - Ice Form              Ice/Tmut       ###.....     16%         4    ####...
s - Sticks to Snakes      Tmut           ###.....     2%          2    ##.....
x - Spider Form           Tmut/Pois      ###.......   10%         3    ###....

Your spell library contained the following spells:

 Spells                   Type           Power        Failure   Level  Hunger
 Freeze                   Ice            ###.         1%          1    None
 Frozen Ramparts          Ice            ###...       5%          3    ###....
 Ensorcelled Hibernation  Hex/Ice        ##....       9%          2    ##.....
 Corona                   Hex            #......      17%         1    None
 Magic Dart               Conj           #...         17%         1    None
 Ozocubu's Armour         Chrm/Ice       ##......     17%         3    ###....
 Blink                    Tloc           N/A          26%         2    ##.....
 Call Imp                 Summ           #.......     26%         2    ##.....
 Slow                     Hex            #.......     26%         2    ##.....
 Mephitic Cloud           Conj/Pois/Air  #.......     36%         3    ###....
 Blade Hands              Tmut           ###.......   38%         5    ######.
 Confusing Touch          Hex            #.......     45%         3    ###....
 Conjure Flame            Conj/Fire      #.......     45%         3    ###....
 Dazzling Flash           Conj/Hex       #.....       45%         3    ###....
 Tukima's Dance           Hex            #.......     45%         3    ###....
 Hailstorm                Conj/Ice       ##......     50%         4    ####...
 Summon Ice Beast         Ice/Summ       ##......     50%         4    ####...


Dungeon Overview and Level Annotations

Branches:
Dungeon (8/15)             Temple (1/1) D:6
   Lair: D:8-11

Altars:
Ashenzari
Cheibriados
Fedhas
Hepliaklqana
Nemelex Xobeh
Okawaru
Qazlal
Ru
Sif Muna
Uskayaw
Zin

Shops:
D:8 [

Annotations:
D:5 2 transporters, Anlio's ghost, novice HOMo


Innate Abilities, Weirdness & Mutations

((You can breathe wild blasts of lightning.))
((Your glossy black scales are hard. (AC +7)))
You cannot fit into any form of body armour.
((You are resistant to electric shocks. (rElec)))
((You are cold-blooded and may be slowed by cold attacks.))


Message History

The leopard gecko hisses angrily.
Found a sparkling altar of Nemelex Xobeh.
The leopard gecko bites you but does no damage.
You completely miss the leopard gecko. You closely miss the leopard gecko.
The leopard gecko bites you but does no damage.
You hit the leopard gecko.
You kill the leopard gecko!
Okawaru accepts your kill.
No target in view!
You butcher the leopard gecko corpse.
c - a chunk of flesh You see here a leopard gecko skeleton. x2
Found 12 stones.
Found Noink's Armour Emporium.
There is an entrance to Noink's Armour Emporium here.
Found a worn bronze wand.
d - a wand of iceblast (4);
C - 64 poisoned darts (quivered)
You open the door.
Eating a chunk of flesh.
You eat the chunk of flesh.
There is an open door here.
There is an open door here.
You see here 12 stones.
You see here 12 stones.
There is a fountain of sparkling water here.
The two-headed ogre shouts in stereo!
The two-headed ogre is too close now for your liking.
You turn into a creature of crystalline ice.
Your scarf of repulsion melds into your body.
Your +0 pair of gloves melds into your body.
The haze of the repulsion field disappears.
You pummel the two-headed ogre!! You freeze the two-headed ogre.
You punch the two-headed ogre! You freeze the two-headed ogre.
The two-headed ogre hits you with a +0 giant spiked club!!
The two-headed ogre hits you but does no damage.
A centaur warrior zombie comes into view.
You punch the two-headed ogre! You freeze the two-headed ogre.
The two-headed ogre hits you with a +0 giant spiked club!!
* * * LOW HITPOINT WARNING * * *
The two-headed ogre closely misses you.
You hit the two-headed ogre but do no damage.
You punch the two-headed ogre! You freeze the two-headed ogre.
The two-headed ogre hits you with a +0 giant spiked club!
* * * LOW HITPOINT WARNING * * *
The two-headed ogre hits you with a +0 giant club!
* * * LOW HITPOINT WARNING * * *
Okay, then.
You feel much better.
The two-headed ogre hits you with a +0 giant spiked club!!
* * * LOW HITPOINT WARNING * * *
The two-headed ogre hits you with a +0 giant club!
You die...

##............ .# #.#.......
##.####......#.# #.##.##(## #.#
#......# # #.#####.# #.#
#......#.# #.......## ##'##
#......#.# ###.∩.#... ##...##
#........# #.....## ##.....##
##.##Z.### ##.##### ##.......##
#...O.# ##...#.##
#.........####..Y#######⌠.⌠....##
'.........'..)..........._.......
#.........####...######.⌠.⌠....##
##.......## ##.## #.#.#.#.÷#
##.....## #.# #.#......# ##...##
#.# #.######.# ##'## #.# #.# #.#
#.# #.# #.######.# #.# #.#
#........#


You could see a two-headed ogre and a centaur warrior zombie.

Vanquished Creatures
  A hippogriff (D:8)
  An ice beast (D:6)
  3 phantoms
  2 ogres
  2 centaurs (D:6)
  A big kobold (D:8)
  A gnoll sergeant (D:6)
  3 bullfrogs
  2 scorpions
  2 howler monkeys
  A wight (D:8)
  2 jellies
  5 crimson imps
  A bullfrog zombie (D:8)
  A centaur zombie (D:7)
  3 hounds
  9 orc wizards
  3 orc priests (D:7)
  A centaur skeleton (D:7)
  Natasha (thrice) (D:2)
  An iguana (D:6)
  8 worker ants
  Terence (D:3)
  A hound skeleton (D:8)
  5 adders
  15 gnolls
  4 shadow imps
  A white imp (D:4)
  2 oozes
  2 adder skeletons
  5 worms
  2 dart slugs
  4 leopard geckos
  17 orcs
  7 giant cockroaches
  10 goblins
  5 hobgoblins
  10 jackals (D:7)
  7 quokkas
  7 bats
  2 frilled lizards
  9 kobolds
  2 rats
174 creatures vanquished.

Vanquished Creatures (collateral kills)
  An adder (D:2)
  A hobgoblin (D:2)
  A kobold (D:3)
  A bat (D:2)
  A rat (D:2)
5 creatures vanquished.

Vanquished Creatures (others)
  4 plants (D:5)
4 creatures vanquished.

Grand Total: 183 creatures vanquished

Notes
Turn   | Place    | Note
-------+----------+-------------------------------------------
     0 | D:1      | growler the Draconian Transmuter began the quest for the
                  | Orb.
     0 | D:1      | Reached XP level 1. HP: 16/16 MP: 3/3
   490 | D:1      | Reached XP level 2. HP: 22/23 MP: 5/5
  1237 | D:2      | Reached XP level 3. HP: 26/28 MP: 4/6
  1269 | D:2      | Learned a level 2 spell: Sticks to Snakes
  1273 | D:2      | Learned a level 3 spell: Spider Form
  1608 | D:2      | Noticed Natasha
  2005 | D:2      | Killed Natasha
  2005 | D:2      | Reached skill level 4 in Unarmed Combat
  2005 | D:2      | Reached skill level 1 in Poison Magic
  2005 | D:2      | Reached XP level 4. HP: 22/35 MP: 4/7
  2722 | D:2      | Noticed Natasha
  2737 | D:2      | Killed Natasha
  2823 | D:2      | Noticed Natasha
  2833 | D:2      | Killed Natasha
  2833 | D:2      | Reached XP level 5. HP: 9/40 MP: 4/8
  3503 | D:3      | Found a stormy altar of Qazlal.
  3505 | D:3      | Found a blossoming altar of Fedhas.
  3598 | D:3      | Noticed Terence
  3615 | D:3      | Killed Terence
  3905 | D:3      | Found a faded altar of an unknown god.
  3977 | D:3      | Found a hazy altar of Hepliaklqana.
  3978 | D:3      | Found a sacrificial altar of Ru.
  4039 | D:3      | Found an iron altar of Okawaru.
  4135 | D:3      | Reached skill level 5 in Unarmed Combat
  4234 | D:3      | Became a worshipper of Warmaster Okawaru
  4369 | D:4      | Learned a level 4 spell: Ice Form
  4417 | D:4      | Reached XP level 6. HP: 42/47 MP: 10/10
  4966 | D:4      | Reached * piety under Okawaru
  5119 | D:4      | Found a glowing silver altar of Zin.
  5119 | D:4      | Noticed an angel
  5173 | D:4      | Reached skill level 6 in Unarmed Combat
  5173 | D:4      | Your scales start taking on a glossy black colour.
  5173 | D:4      | Reached XP level 7. HP: 45/52 MP: 5/11
  5173 | D:4      | Gained mutation: You are resistant to electric shocks.
                  | (rElec) [Black Draconian growth]
  5566 | D:5      | Entered Level 5 of the Dungeon
  5591 | D:5      | Found an iron altar of Okawaru.
  5787 | D:5      | Found a snail-covered altar of Cheibriados.
  6139 | D:5      | Reached skill level 5 in Transmutations
  6152 | D:5      | HP: 2/52 [gnoll/+0 spear (8)]
  6425 | D:5      | Found a transporter.
  6426 | D:5      | Identified the +6 spear of Entrepreneurial Spirit {venom,
                  | rPois rN+++ Str-2 Dex+4}
  6429 | D:5      | Found a transporter.
  6450 | D:5      | Noticed Anlio's ghost (novice HOMo)
  6775 | D:5      | Identified the ring of the Cast Vote {rElec MR- Int+6
                  | Stlth+}
  7043 | D:6      | Found a staircase to the Ecumenical Temple.
  7115 | D:6      | Reached skill level 7 in Unarmed Combat
  7148 | Temple   | Entered the Ecumenical Temple
  7499 | D:6      | HP: 2/52 [gnoll/+0 whip (5)]
  7567 | D:6      | Reached ** piety under Okawaru
  7567 | D:6      | Reached XP level 8. HP: 21/59 MP: 9/12
  8388 | D:6      | Found a shattered altar of Ashenzari.
  8519 | D:6      | Reached skill level 1 in Ice Magic
  8957 | D:6      | Reached skill level 8 in Unarmed Combat
 10436 | D:7      | Found a shimmering blue altar of Sif Muna.
 10497 | D:7      | Reached skill level 9 in Unarmed Combat
 10736 | D:7      | Found a hide-covered altar of Uskayaw.
 10892 | D:8      | Reached *** piety under Okawaru
 10892 | D:8      | Reached XP level 9. HP: 60/64 MP: 13/13
 11151 | D:8      | Noticed a two-headed ogre
 11495 | D:8      | Reached skill level 5 in Ice Magic
 12586 | D:8      | Found a sparkling altar of Nemelex Xobeh.
 12599 | D:8      | Found Noink's Armour Emporium.
 12730 | D:8      | Slain by a two-headed ogre

Illustrated notes

Levels and vault maps discovered:
D:1:      doesnt_arrival_eight_statues, layout_loops_ring
D:2:      layout_basic, guppyfry_early_orc_mine, uniq_natasha
D:3:      layout_rooms, grunt_temple_overflow_forces_of_nature,
          lemuel_crystal_altar, minitemple,
          chequers_ecumenical_altar_simple_redux, uniq_terence
D:4:      layout_cave_pools, zin_angel, minmay_fire_ice_demons
D:5:      layout_basic, kennysheep_little_box, basic_altar,
          gammafunk_ghost_gnarly_gnolls, first_ration
D:6:      layout_basic, overflow_temple_1_default, minmay_temple_entry_offerings
D:7:      layout_cave_pools, nicolae_overflow_crystal_walls, kennysheep_mini,
          nicolae_ossuary_entry_ruins, moated_statue
D:8:      layout_loops_corners, nemelex_xobeh_ov_fountains_minmay, serial_shops,
          nicolae_shop_stone
Temple:   minmay_temple_curvy_loop

Skill      XL: |  1  2  3  4  5  6  7  8  9 |
---------------+----------------------------+-----
Transmutations | 3 4 5 6 |  6.0
Unarmed Combat | 4 5 6 7 9 |  9.6
Poison Magic   | 1 2 |  2.0
Spellcasting   | 3 4 |  4.3
Ice Magic      | 4 5 |  5.6
Fighting       | |  1.1
Dodging        | |  1.7

Action                   |  1- 3 |  4- 6 |  7- 9 || total
-------------------------+-------+-------+-------++-------
Melee: Unarmed           |   170 |   188 |   444 ||   802
       Tailslap          |    10 |    11 |    21 ||    42
       Kick              |     7 |       |       ||     7
       Punch             |     1 |     2 |     7 ||    10
       Headbutt          |       |     6 |     5 ||    11
 Cast: Beastly Appendage |     6 |     7 |     4 ||    17
       Spider Form       |     1 |     7 |    25 ||    33
       Sticks to Snakes  |     1 |     2 |     1 ||     4
       Ice Form          |       |       |     5 ||     5
 Abil: Breathe Lightning |       |       |     1 ||     1
  Use: Potion            |       |     1 |     7 ||     8
       Scroll            |       |       |    13 ||    13
 Stab: Sleeping          |     1 |       |     2 ||     3
  Eat: Chunk             |     4 |    11 |    23 ||    38
       Ration            |       |       |     2 ||     2
Armor: Skin              |    73 |    61 |   103 ||   237
Dodge: Dodged            |   136 |   112 |   340 ||   588
       Repelled          |     1 |       |     4 ||     5
